 Dungeon Sprint DCSS version 0.17.0-28-g6e173f8 (webtiles) character file.

24 Avanven the Slinger (level 7, -5/54 HPs)
             Began as a Halfling Hunter on Nov 23, 2015.
             Was a Believer of Okawaru.
             Slain by a fire bat (6 damage)
             ... in the Dungeon (Sprint VI: "Thunderdome").
             The game lasted 00:04:41 (395 turns).

Avanven the Slinger (Halfling Hunter)                Turns: 395, Time: 00:04:41

Health: -5/54      AC:  3    Str: 12    XL:     7   Next: 98%
Magic:  16/16      EV: 21    Int: 10    God:    Okawaru [**....]
Gold:   60         SH:  0    Dex: 17    Spells: 0 memorised, 6 levels left

rFire  . . .     SeeInvis .     a - +1 hunting sling
rCold  . . .     Clarity  .     c - +0 leather armour
rNeg   + + +     SustAt   .     (shield restricted)
rPois  .         Gourm    .     (no helmet)
rElec  +         Spirit   .     (no cloak)
rCorr  .         Warding  .     (no gloves)
rMut   +         NoTele   +     (no boots)
MR     +....                    p - amulet "Lanubuxt" {rMut rN+}
Stlth  +++++.....               s - ring "Zotioh" {rElec rN+ MR+ MP+9}
                                q - ring "Plog" {+Inv rN+}

@: somewhat resistant to hostile enchantments, quite stealthy
A: mutation resistance 1
a: Heroism, Renounce Religion, Evoke Invisibility


You were in the Dungeon.
You worshipped Okawaru.
Okawaru was pleased with you.
You were not hungry.

You visited 1 branch You collected 240 gold pieces.
You spent 180 gold pieces at shops.

Inventory:

Hand Weapons
 a - a +1 hunting sling (weapon)
 b - a +0 short sword
Missiles
 d - 7 sling bullets (quivered)
 j - 5 stones
Armour
 c - a +0 leather armour (worn)
Jewellery
 p - the amulet "Lanubuxt" (around neck) {rMut rN+}
   (You bought it in a shop in the Dungeon)

   [amulet of resist mutation]

   It protects you from mutation.
   It protects you from negative energy.
 q - the ring "Plog" (left hand) {+Inv rN+}
   (You bought it in a shop in the Dungeon)

   [ring of positive energy]

   It protects you from negative energy.
   It lets you turn invisible.
 r - the ring of Zacvin {rPois Str+4 Dex+4 Slay-4}
   (You bought it in a shop in the Dungeon)

   [ring of strength]

   It affects your strength (+4).
   It affects your dexterity (+4).
   It affects your accuracy and damage with ranged weapons and melee attacks
   (-4).
   It protects you from poison.
 s - the ring "Zotioh" (right hand) {rElec rN+ MR+ MP+9}
   (You bought it in a shop in the Dungeon)

   [ring of magical power]

   It insulates you from electricity.
   It protects you from negative energy.
   It affects your resistance to hostile enchantments.
   It affects your magic capacity (+9).
Wands
 l - a wand of cold (5)
 m - a wand of fire (5)
Scrolls
 k - 4 scrolls of blinking
 n - 3 scrolls of fog
Potions
 f - a potion of curing
 g - 3 potions of heal wounds
 h - 3 potions of haste
 i - 2 potions of magic
 o - a potion of resistance
Comestibles
 e - a bread ration


   Skills:
 + Level 7.6 Fighting
 + Level 13.0 Slings
 + Level 9.1 Dodging
 + Level 9.4 Stealth


You had 6 spell levels left.
You didn't know any spells.

Dungeon Overview and Level Annotations

Branches:
Dungeon (1/1)

Altars:
Cheibriados
Dithmenos
Fedhas
Gozag
Kikubaaqudgha
Makhleb
Okawaru
Qazlal
Ru
Sif Muna
Trog
Vehumet
Xom
Yredelemnul
Zin
The Shining One
Jiyva
Lugonu

Shops:
D *[%??*?*:[((!!!!


Innate Abilities, Weirdness & Mutations

You are small and have problems with some larger weapons.
You are somewhat resistant to further mutation.


Message History

50...
The fire bat misses you.
Firing (i - inventory. (,) - cycle):
d - 9 sling bullets (quivered)
Press: ? - help, Shift-Dir - straight line, f - mottled dragon
Aim: a mottled dragon You shoot a sling bullet.
The sling bullet hits the mottled dragon!
The mottled dragon is moderately wounded.
The fire bat completely misses you. x3
The mottled dragon barely misses you. The mottled dragon misses you.
Firing (i - inventory. (,) - cycle):
d - 8 sling bullets (quivered)
Press: ? - help, Shift-Dir - straight line, f/p - mottled dragon
Aim: a mottled dragon (moderately wounded)
You shoot a sling bullet.
The sling bullet hits the mottled dragon but does no damage.
The mottled dragon is moderately wounded.
The fire bat misses you. The fire bat bites you.
* * * LOW HITPOINT WARNING * * *
You are engulfed in flames.
You die...

##∩_§_......###......___∩
###∩.§......8.# #.8........
##.....§.......###..........
#⌠......E...###...###.......
#⌠..........# #.<.# #.......
#⌠..........###k..###.......
##.........(...###..........
###∩...)..Db8.# #.8........
##∩__...@b..###......___∩
######.8.........8.#####
#§...........⌠#
###.........### #_[......_#
#........_# #.(......_#
#∩.......∩# ##∩.....∩##


You could see a fire drake, a fire elemental, a mottled dragon and 2 fire bats.

Vanquished Creatures
  Pikel (D)
  A fire bat (D)
  A big kobold (D)
  A jelly (D)
  5 oozes (D)
  A goblin (D)
  A kobold (D)
11 creatures vanquished.

Notes
Turn   | Place    | Note
--------------------------------------------------------------
     0 | D        | Avanven the Halfling Hunter began the quest for the Orb.
     0 | D        | Reached XP level 1. HP: 14/14 MP: 1/1
     2 | D        | Found a blossoming altar of Fedhas.
     4 | D        | Found a glowing golden altar of the Shining One.
     4 | D        | Found a radiant altar of Vehumet.
     5 | D        | Found an ancient bone altar of Kikubaaqudgha.
     5 | D        | Found a shimmering altar of Xom.
     5 | D        | Round 1.
     6 | D        | Found a viscous altar of Jiyva.
     6 | D        | Found a bloodstained altar of Trog.
     7 | D        | Found Juehipse's Do-It-Yourself Clinic.
     7 | D        | Found an opulent altar of Gozag.
     7 | D        | Found a burning altar of Makhleb.
     7 | D        | Found Liurej's Distillery.
     8 | D        | Found Looptoj's Bottled Wisdom.
     8 | D        | Found Kaskovint's Distillery.
    11 | D        | Reached skill level 7 in Slings
    25 | D        | Found a deep blue altar of Sif Muna.
    31 | D        | Reached XP level 2. HP: 19/19 MP: 2/2
    73 | D        | Found a stormy altar of Qazlal.
    75 | D        | Reached XP level 3. HP: 25/25 MP: 3/3
    78 | D        | Reached skill level 8 in Slings
    78 | D        | Reached XP level 4. HP: 29/31 MP: 4/4
    94 | D        | Found a shadowy altar of Dithmenos.
    95 | D        | Found a corrupted altar of Lugonu.
    96 | D        | Found Xummiytor's Staff Store.
    97 | D        | Found Xusomey's Must-Have Magic.
    97 | D        | Found Qeyd's Magic Scroll Shop.
    99 | D        | Found Nohynt's Magic Scroll Shop.
   104 | D        | Found an iron altar of Okawaru.
   105 | D        | Found a basalt altar of Yredelemnul.
   106 | D        | Found a glowing silver altar of Zin.
   107 | D        | Found Jirucora's Bee Food.
   108 | D        | Found Xifaph's Jewellery.
   108 | D        | Found Cism's Advanced Armour.
   108 | D        | Found a snail-covered altar of Cheibriados.
   108 | D        | Found a sacrificial altar of Ru.
   108 | D        | Found Efoubb's Identification Station.
   113 | D        | Became a worshipper of Warmaster Okawaru
   118 | D        | Bought a glittering bone amulet for 45 gold pieces
   118 | D        | Bought a coiled tin ring for 45 gold pieces
   118 | D        | Bought a slimy steel ring for 45 gold pieces
   118 | D        | Identified the amulet "Lanubuxt" {rMut rN+} (You bought it in a shop in the Dungeon)
   119 | D        | Identified the ring "Plog" {+Inv rN+} (You bought it in a shop in the Dungeon)
   120 | D        | Identified the ring of Zacvin {rPois Str+4 Dex+4 Slay-4} (You bought it in a shop in the Dungeon)
   121 | D        | Bought a flickering amber ring for 45 gold pieces
   122 | D        | Identified the ring "Zotioh" {rElec rN+ MR+ MP+9} (You bought it in a shop in the Dungeon)
   132 | D        | Found Idghinoeg's Premium Goods.
   133 | D        | Found Oxtet's Miscellaneous Merchandise.
   133 | D        | Found Ofoir's Basic Armour.
   134 | D        | Found Ohaipime's Weapon Rack.
   143 | D        | Arena points: 14 (+14) [x2]
   197 | D        | Round 2.
   221 | D        | Noticed Pikel
   263 | D        | Noticed a big kobold
   290 | D        | Killed Pikel
   290 | D        | Reached * piety under Okawaru
   290 | D        | Reached skill level 12 in Slings
   290 | D        | Reached XP level 5. HP: 24/43 MP: 5/5
   290 | D        | Reached XP level 6. HP: 27/49 MP: 6/6
   290 | D        | Reached XP level 7. HP: 29/54 MP: 7/7
   313 | D        | HP: 2/54 [big kobold/short sword (4)]
   316 | D        | Killed a big kobold
   335 | D        | Noticed Ijyb
   369 | D        | Arena points: 24 (+10) [x1]
   384 | D        | Round 3.
   386 | D        | Noticed a fire bat
   386 | D        | Noticed a fire bat
   386 | D        | Noticed a mottled dragon
   387 | D        | Noticed a fire bat
   389 | D        | Noticed a fire drake
   393 | D        | Noticed a fire elemental
   393 | D        | Killed a fire bat
   393 | D        | Reached ** piety under Okawaru
   393 | D        | Reached skill level 13 in Slings
   395 | D        | HP: 1/54 [fire bat (3)]
   395 | D        | Slain by a fire bat

Action                   |  1- 3 |  4- 6 |  7- 9 || total
-------------------------+-------+-------+-------++-------
Melee: Short sword       |       |     6 |    24 ||    30
 Fire: Hunting sling     |    18 |    16 |     8 ||    42
Invok: Heroism           |       |       |     1 ||     1
  Use: Potion            |       |     2 |     1 ||     3
